Map: Triton LE

Players

ShoWTimE - Winner!

  • Race: Protoss Protoss
  • Spawn Location: 5:00

SortOf

  • Race: Zerg Zerg
  • Spawn Location: 11:00

VOD

Have the link to the VOD?

Description

Time

  • Played on: Sept. 6, 2019, 4:20 p.m.
  • Length: 9:03
Show
View Real Time Build Order
Export as new Build Order

ShoWTimE Protoss - Winner!

Build Orders: 1 Gate Expand, Oracle Opening, Phoenix Opening, Archon Immortal 

Get SALT Encoding   

  12  0:00  Probe  
  13  0:12  Probe  
  14  0:20  Pylon  
  14  0:24  Probe  
  15  0:34  Probe  
  15  0:40  Gateway  
  15  0:42  Probe  
  17  0:50  Assimilator  
  17  0:52  Probe  
  18  1:04  Probe  
  19  1:16  Probe  
  20  1:27  Nexus  
  20  1:29  Probe  
  21  1:40  Cybernetics Core  
  21  1:44  Probe  
  22  1:49  Assimilator  
  22  1:55  Pylon  
  22  1:58  Probe  
  23  2:06  Adept  
  23  2:13  Probe  
  24  2:20  Stargate  
  26  2:25  Probe  
  26  2:26  Adept  
  26  2:29  Warp Gate  
  27  2:35  Probe  
  29  2:38  Probe  
  29  2:43  Probe  
  31  2:50  Probe  
  33  2:53  Probe  
  34  2:59  Phoenix  
  34  3:02  Probe  
  34  3:05  Probe  
  38  3:14  Probe  
  38  3:16  Pylon  
  38  3:17  Probe  
  38  3:19  Oracle  
  40  3:26  Probe  
  44  3:28  Gateway  
  44  3:29  Probe  
  44  3:31  Assimilator  
  45  3:34  Assimilator  
  45  3:38  Probe  
  47  3:41  Probe  
  47  3:46  Robotics Facility  
  47  3:50  Pylon, Probe x2  
  49  3:58  Probe  
  49  4:01  Twilight Council  
  49  4:02  Probe  
  51  4:07  Probe  
  51  4:11  Gateway  
  51  4:14  Gateway, Probe  
  53  4:19  Probe  
  53  4:23  Warp Prism, Pylon  
  56  4:39  Templar Archives  
  56  4:42  Zealot, Adept  
  60  4:45  Pylon  
  60  4:56  Pylon  
  60  4:57  Psionic Storm  
  60  5:00  Nexus  
  60  5:01  Probe  
  60  5:02  Probe  
  62  5:14  Probe x2  
  64  5:18  Shield Battery  
  64  5:21  High Templar x2  
  64  5:22  High Templar  
  64  5:25  Immortal, Pylon  
  70  5:29  Probe x2  
  76  5:37  Charge  
  76  5:41  Probe  
  77  5:43  Zealot  
  77  5:46  Probe  
  80  5:53  Probe  
  80  5:54  Shield Battery  
  81  5:58  Probe  
  81  6:04  Immortal  
  82  6:05  Probe  
  82  6:10  Probe  
  88  6:14  Probe  
  88  6:15  Gateway  
  88  6:17  Probe  
  90  6:19  Gateway  
  90  6:22  Probe  
  91  6:26  Probe  
  91  6:31  Zealot  
  91  6:32  Immortal  
  94  6:34  Gateway, Zealot  
  96  6:45  Gateway  
  96  6:46  Shield Battery  
  100  6:47  Shield Battery  
  100  6:48  Pylon  
  100  6:51  Probe x2  
  100  6:52  Probe  
  103  7:00  Assimilator  
  103  7:01  Forge  
  103  7:02  Assimilator  
  103  7:03  Probe  
  103  7:05  Observer  
  103  7:08  Probe  
  105  7:09  Probe  
  105  7:11  Pylon  
  105  7:12  High Templar x5  
  117  7:22  Immortal  
  117  7:28  Pylon  
  117  7:31  Gateway  
  117  7:34  Gateway  
  117  7:35  Pylon  
  117  7:36  Pylon  
  121  7:39  High Templar  
  121  7:42  Pylon  
  123  7:51  Zealot x5  
  123  7:58  High Templar x2  
  137  8:02  Archon  
  137  8:04  Nexus  
  137  8:07  Pylon  
  137  8:10  Photon Cannon, Pylon  
  137  8:12  Photon Cannon  
  137  8:19  High Templar x2  
  141  8:20  Zealot x4  
  141  8:24  Archon  
  149  8:28  Probe  
  149  8:29  Probe x2  
  149  8:30  Photon Cannon  
  149  8:31  Zealot x3  
  149  8:32  Photon Cannon  
  156  8:45  Archon  
  156  8:47  Zealot  
  156  8:48  Zealot x4  
  158  8:52  Zealot x5  
  158  8:53  Zealot  
  142  9:02  Zealot x2  
Show
View Real Time Build Order
Export as new Build Order

SortOf Zerg 

Build Orders: Hatch First 

Get SALT Encoding   

  12  0:00  Drone  
  13  0:12  Overlord  
  13  0:16  Drone  
  14  0:31  Drone x2  
  16  0:43  Drone  
  16  0:44  Drone  
  18  0:55  Hatchery  
  17  0:59  Drone  
  17  1:00  Extractor  
  17  1:14  Spawning Pool  
  17  1:18  Drone  
  17  1:19  Drone  
  18  1:27  Drone  
  19  1:41  Drone  
  20  1:50  Overlord  
  20  2:02  Queen  
  20  2:04  Metabolic Boost  
  20  2:07  Zergling x2, Queen  
  20  2:08  Zergling x2  
  26  2:13  Drone  
  27  2:18  Drone  
  28  2:27  Drone  
  29  2:36  Hatchery  
  28  2:39  Queen  
  30  2:47  Overlord  
  30  2:48  Drone  
  30  2:51  Zergling x2  
  32  2:54  Zergling x2  
  34  2:58  Zergling x2  
  34  3:00  Drone  
  34  3:03  Drone  
  36  3:11  Drone  
  37  3:13  Drone  
  37  3:16  Queen  
  37  3:18  Drone  
  41  3:25  Drone  
  42  3:29  Overlord  
  42  3:32  Queen  
  44  3:38  Overlord  
  43  3:44  Overlord  
  43  3:48  Spore Crawler x2  
  41  3:49  Drone x4  
  41  3:50  Drone  
  46  3:57  Drone x3  
  46  4:01  Drone x2  
  51  4:03  Drone x2  
  53  4:11  Evolution Chamber  
  53  4:13  Overlord  
  53  4:15  Drone x2  
  54  4:18  Spore Crawler  
  54  4:21  Drone x3  
  56  4:26  Drone x2  
  56  4:30  Spore Crawler  
  56  4:32  Drone x3  
  56  4:36  Overlord  
  60  4:41  Overlord, Zerg Melee Weapons Level 1  
  60  4:45  Drone x3  
  63  4:46  Overlord  
  63  4:50  Overlord  
  63  4:54  Overlord  
  63  4:55  Drone x3  
  66  5:04  Zergling x6  
  66  5:05  Zergling x6  
  71  5:07  Queen  
  71  5:11  Roach Warren  
  71  5:13  Queen  
  74  5:16  Zergling x6  
  74  5:20  Zergling x8  
  81  5:24  Drone  
  81  5:27  Drone x4  
  86  5:31  Overlord  
  86  5:35  Extractor  
  85  5:36  Extractor  
  85  5:38  Extractor  
  82  5:47  Zergling x18  
  87  5:51  Lair  
  87  5:55  Roach x3  
  87  5:56  Roach  
  95  5:57  Overlord  
  95  5:58  Drone  
  95  6:05  Hatchery  
  95  6:09  Overlord, Roach x2  
  95  6:10  Drone x2  
  100  6:16  Extractor  
  99  6:20  Drone x3  
  93  6:29  Drone x8  
  99  6:37  Drone  
  99  6:39  Drone  
  95  6:44  Baneling Nest, Drone x4  
  97  6:48  Extractor  
  97  6:51  Drone x4  
  100  6:56  Overlord  
  100  6:57  Drone  
  100  6:58  Drone  
  100  7:02  Drone x2  
  100  7:06  Overseer  
  102  7:11  Glial Reconstitution  
  102  7:12  Drone  
  102  7:13  Drone x2  
  105  7:20  Roach x4  
  105  7:22  Drone x4  
  117  7:26  Zergling x8, Centrifical Hooks  
  121  7:33  Infestation Pit, Drone x3  
  121  7:36  Overlord  
  123  7:39  Overlord  
  123  7:45  Drone x5  
  123  7:50  Extractor  
  127  7:53  Overlord  
  126  7:58  Zergling x2  
  126  7:59  Zergling x20  
  126  8:05  Spire  
  136  8:08  Zergling x6  
  139  8:16  Ravager x5  
  139  8:17  Ravager, Roach x3  
  139  8:18  Overlord  
  139  8:19  Overlord  
  151  8:23  Zergling x6  
  154  8:27  Overlord  
  154  8:30  Baneling x9  
  155  8:34  Drone x4  
  155  8:35  Drone x2, Hatchery  
  156  8:42  Zergling x6  
Tags
 
Add a new tag
Caveats
  • Supply blocks, unpowered buildings, or Contaminate may cause inaccurate times.
  • Supply counts are checked every 10 seconds.